 Dungeon Crawl Stone Soup version 0.16-a0-3880-g9314259 (console) character file.

588 hhkb the Cutter (level 7, -3/43 HPs)
             Began as an Octopode Summoner on Feb 1, 2015.
             Was an Initiate of Ashenzari.
             Slain by a centaur (8 damage)
             ... on level 5 of the Dungeon.
             The game lasted 00:29:38 (6999 turns).

hhkb the Cutter (Octopode Summoner)                 Turns: 6999, Time: 00:29:39

Health: -3/43      AC:  1    Str:  8    XL:     7   Next: 38%
Magic:  8/14       EV: 12    Int: 18    God:    Ashenzari [......]
Gold:   316        SH:  0    Dex: 13    Spells: 3 memorised, 6 levels left

rFire  . . .     SeeInvis +     i - +3 dagger (curse)
rCold  . . .     Clarity  .     (no shield)
rNeg   . . .     SustAb   .     (helmet restricted)
rPois  .         Gourm    .     (no amulet)
rElec  .         Spirit   .     s - ring of see invisible (curse) {sInv, !d}
rCorr  .         Warding  .     (no ring)
rMut   .         Stasis   .     (no ring)
MR     .....                    (no ring)
Stlth  ++++......               (no ring)
                                (no ring)
                                (no ring)
                                (no ring)

@: not resistant to hostile enchantments, stealthy
A: almost no armour, amphibious, 8 rings, constrict 8, camouflage 1, gelatinous
body 1
a: Renounce Religion


You were on level 5 of the Dungeon.
You worshipped Ashenzari.
Ashenzari was noncommittal.
You were hungry.

You visited 1 branch of the dungeon, and saw 5 of its levels.
You also visited: Sewer.

You collected 316 gold pieces.

Inventory:

Hand weapons
 i - a cursed +3 dagger (weapon)
   (You took it off a goblin on level 3 of the Dungeon)
 n - a +0 blowgun
   (You took it off a kobold in a sewer)
 u - a +1 dagger of freezing
   (You found it on level 2 of the Dungeon)
Missiles
 r - 26 stones (quivered)
 E - 26 poisoned needles
Jewellery
 s - a cursed ring of see invisible (left tentacle) {sInv, !d}
   (You found it on level 2 of the Dungeon)
Magical devices
 o - a wand of slowing (19)
   (You found it on level 2 of the Dungeon)
Scrolls
 a - a scroll of blinking {unknown}
 e - a scroll of curse armour
 h - 2 scrolls of enchant armour {unknown}
 j - 2 scrolls of immolation {unknown}
 k - a scroll of recharging {unknown}
 l - a scroll of enchant weapon {unknown}
 w - 3 scrolls of teleportation {unknown}
 y - 2 scrolls of identify {unknown}
 z - a scroll of curse jewellery
 A - 2 scrolls of curse weapon
Potions
 d - a potion of agility
 f - 2 potions of degeneration {unknown}
 g - 5 potions of curing
 m - 3 potions of mutation {unknown}
 p - a potion of haste {unknown}
 q - a potion of brilliance {unknown}
 t - 2 potions of restore abilities {unknown}
 B - 5 potions of heal wounds {unknown}
 C - 4 potions of flight {unknown}
 D - 2 potions of might {unknown}
 F - a potion of poison {unknown}
 G - a potion of magic {unknown}
Books
 b - a book of Callings
Comestibles
 c - 4 bread rations {@e1}
 v - a beef jerky
 x - a fruit


   Skills:
 - Level 1.1 Fighting
 - Level 5.2 Short Blades
 - Level 2.0 Dodging
 + Level 5.2 Stealth
 - Level 3.1 Spellcasting
 - Level 5.1 Summonings


You had 6 spell levels left.
You knew the following spells:

 Your Spells              Type           Power        Failure   Level  Hunger
a - Summon Small Mammal   Summ           ###.         1%          1    None
b - Call Canine Familiar  Summ           ###.....     10%         3    ###....
c - Call Imp              Summ           ###.....     3%          2    ##.....


Dungeon Overview and Level Annotations

Branches:
Dungeon (5/15)
 Temple: D:4-7

Altars:
Ashenzari
Cheibriados
Nemelex Xobeh
Ru
Xom

Annotations:
D:4 exclusion: Prince Ribbit, Eustachio, Prince Ribbit


Innate Abilities, Weirdness & Mutations

You cannot wear most types of armour.
You are amphibious.
You can wear up to eight rings at the same time.
You can use your tentacles to constrict many enemies at once.
Your skin changes colour to match your surroundings (Stealth).
Your rubbery body absorbs attacks (AC +1).


Message History

Okay, then.
Health restored: 43
H - a chunk of flesh {@w0} You see here a giant gecko skeleton.
Eating a chunk of flesh {@w0}.
You continue eating. x2
You swap places.
You now have 302 gold pieces (gained 10).
You now have 316 gold pieces (gained 14).
r - 27 stones (gained 1)
Found two stone staircases leading down.
A hound comes into view.
A hound is nearby!
You throw a stone. The stone hits the hound.
The hound barks!
The hound moves out of view.
A centaur comes into view.
You swap places.
The arrow hits your white imp.
The arrow closely misses your white imp.
The hound barely misses your white imp.
Your white imp misses the hound.
The hound bites your white imp.
Your white imp misses the hound.
You now have 11/14 mp.
What do you say? t - Shout!
Orders for allies: a - Attack new target. p - Attack previous target. r - Retreat! s - Stop attacking. w - Wait here. f - Follow me.
Anything else - Stay silent.
Wait here!
The centaur shoots an arrow.
The arrow hits your white imp!
Your white imp dies!
Your hound closely misses the hound.
Your hound bites the hound.
Your hound bites the hound but does no damage.
You now have 10/14 mp.
The hound misses you.
Your hound bites the hound.
You now have 9/14 mp.
You swap places.
The hound bites you.
Your hound bites the hound.
The centaur shoots an arrow.
The arrow hits your quokka but does no damage.
Your quokka barely misses the hound.
Your quokka closely misses the hound.
The hound misses you.
Your hound bites the hound but does no damage.
You take 4 damage, and have 39/43 hp.
A beastly little devil appears in a puff of flame.
You are feeling hungry.
The centaur shoots an arrow.
The arrow closely misses your quokka. The arrow hits you! The hound misses you.
Your quokka barely misses the hound.
Your hound misses the hound. Your quokka misses the hound.
You take 10 damage, and have 29/43 hp.
MASSIVE DAMAGE!!
You now have 7/14 mp.
What do you say? t - Shout!
Orders for allies: a - Attack new target. p - Attack previous target. r - Retreat! s - Stop attacking. w - Wait here. f - Follow me.
Anything else - Stay silent.
Wait here!
The hound closely misses you.
Your hound bites the hound.
Your quokka bites the hound.
Your quokka barely misses the hound.
The centaur shoots an arrow.
The arrow misses your hound. The arrow closely misses your quokka.
The arrow hits you! The hound bites you.
Your hound barely misses the hound.
Your crimson imp blinks!
You take 13 damage, and have 16/43 hp.
MASSIVE DAMAGE!!
You hit the hound. You grab the hound.
You constrict the hound, but do no damage.
Your quokka bites the hound but does no damage. x2
The centaur shoots an arrow.
The arrow hits your hound! The hound closely misses you.
Your hound bites the hound but does no damage.
You hit the hound.
You kill the hound!
Your crimson imp blinks!
Your hound bites the centaur.
The centaur shoots an arrow.
The arrow misses your hound. The arrow hits you.
You take 3 damage, and have 13/43 hp.
Your hound bites the centaur.
The centaur unwields an uncursed shortbow.
The centaur barely misses your hound.
Your quokka bites the centaur.
You see here an arrow.
Your hound completely misses the centaur.
The centaur wields an uncursed shortbow.
The centaur shoots an arrow.
The arrow hits your quokka!
Your quokka dies!
Your quokka's corpse disappears in a puff of smoke!
Your quokka closely misses the centaur.
Your hound barely misses the centaur.
Your quokka closely misses the centaur.
The centaur unwields an uncursed shortbow.
The centaur closely misses you.
Your hound bites the centaur but does no damage.
Your quokka bites the centaur but does no damage.
You see here an arrow.
You hit the centaur. The centaur barely misses you.
Your hound closely misses the centaur.
The centaur hits you!
* * * LOW HITPOINT WARNING * * *
Your hound bites the centaur.
You take 8 damage, and have 5/43 hp.
You closely miss the centaur. You squeeze the centaur. The centaur hits you!
You die...

.... ..... ....#
....+ .>.##+###
#.....># #.!....#
+.rc...# #..h@..#
##.†5...# #...(...#
#.......# +.......#
#.......# #.......#
###+#####+##.......#
.............#######


You could see a centaur, a friendly hound, a friendly crimson imp and a friendly
quokka.

Vanquished Creatures
  2 big kobolds (Sewer)
  Blork the orc (D:4)
  A hound (D:5)
  An orc wizard (D:4)
  2 gnolls (D:3)
  7 adders
  3 river rats (Sewer)
  An adder skeleton (D:4)
  5 giant geckos
  An ooze (D:2)
  5 orcs
  10 bats
  2 giant cockroaches
  8 goblins
  5 hobgoblins
  9 kobolds
  2 ball pythons
  3 giant newts
  13 rats
81 creatures vanquished.

Vanquished Creatures (collateral kills)
  A phantom (D:5)
  Sigmund (D:5)
  The ghost of BLOAX the Skirmisher, a weakling DEFi (D:4)
  2 worker ants (D:4)
  Robin (D:4)
  2 gnolls (D:3)
  3 river rats (Sewer)
  An adder (Sewer)
  A shadow imp (D:4)
  A worm (D:4)
  3 orcs
  2 giant cockroaches (D:4)
  7 hobgoblins
  12 kobolds
  6 ball pythons
  A giant newt (D:1)
  3 goblins
  13 rats
61 creatures vanquished.

Vanquished Creatures (others)
  A crimson imp (D:4)
  3 hounds
  2 shadow imps
  A white imp (D:5)
  6 bats
  7 quokkas
  2 rats
22 creatures vanquished.

Grand Total: 164 creatures vanquished

Notes
Turn   | Place    | Note
--------------------------------------------------------------
     0 | D:1      | hhkb, the Octopode Summoner, began the quest for the Orb.
     0 | D:1      | Reached XP level 1. HP: 11/11 MP: 3/3
   237 | D:1      | HP: 3/12 [kobold/dagger (3)]
   239 | D:1      | Reached skill level 1 in Fighting
   533 | D:1      | Reached skill level 3 in Stealth
   533 | D:1      | Reached XP level 2. HP: 12/18 MP: 2/4
   836 | D:1      | Learned a level 2 spell: Call Imp
  1499 | D:2      | Reached skill level 1 in Short Blades
  1670 | D:2      | Reached XP level 3. HP: 23/23 MP: 3/6
  1896 | D:2      | HP: 5/23 [adder (4)]
  1898 | D:2      | Reached skill level 4 in Stealth
  1898 | D:2      | HP: 2/23 [poisoned by an adder]
  2787 | D:3      | Found a sacrificial altar of Ru.
  2821 | D:3      | Reached skill level 2 in Short Blades
  2843 | D:3      | Reached XP level 4. HP: 26/28 MP: 7/7
  2855 | D:3      | Learned a level 3 spell: Call Canine Familiar
  2888 | D:3      | Found a shattered altar of Ashenzari.
  2905 | D:3      | Became a worshipper of Ashenzari the Shackled
  3179 | D:3      | Reached skill level 3 in Short Blades
  3307 | D:3      | Found a snail-covered altar of Cheibriados.
  4091 | D:3      | Found a shimmering altar of Xom.
  4095 | D:3      | Found a sparkling altar of Nemelex Xobeh.
  4098 | D:3      | Reached XP level 5. HP: 29/33 MP: 9/9
  4198 | D:4      | Noticed Prince Ribbit
  4235 | D:5      | Entered Level 5 of the Dungeon
  4251 | D:4      | Found a glowing drain.
  4294 | Sewer    | Entered a sewer
  4458 | Sewer    | Reached skill level 4 in Short Blades
  4522 | Sewer    | HP: 4/33 [river rat (7)]
  4786 | Sewer    | Reached XP level 6. HP: 36/38 MP: 10/10
  4840 | Sewer    | Reached skill level 5 in Short Blades
  5748 | D:4      | Noticed Robin
  5783 | D:4      | Noticed Eustachio
  5789 | D:4      | Killed Robin
  6257 | D:4      | Noticed Blork the orc
  6279 | D:4      | Killed Blork the orc
  6279 | D:4      | Reached skill level 3 in Spellcasting
  6279 | D:4      | Reached XP level 7. HP: 20/43 MP: 5/14
  6281 | D:4      | Noticed BLOAX's ghost (weakling DEFi)
  6316 | D:4      | Killed BLOAX's ghost
  6744 | D:5      | Noticed Sigmund
  6758 | D:5      | Killed Sigmund
  6791 | D:5      | Noticed a phantom
  6838 | D:5      | Killed a phantom
  6838 | D:5      | Reached skill level 5 in Stealth
  6838 | D:5      | Reached skill level 5 in Summonings
  6983 | D:5      | Noticed a centaur
  6998 | D:5      | HP: 5/43 [centaur (9)]
  6999 | D:5      | Slain by a centaur

Action                   |  1- 3 |  4- 6 |  7- 9 || total
-------------------------+-------+-------+-------++-------
Melee: Unarmed           |    14 |       |       ||    14
       Dagger            |    63 |   120 |    19 ||   202
Throw: Stone             |    14 |    44 |     4 ||    62
 Cast: Summon Small Mamm |     8 |    23 |     6 ||    37
       Call Imp          |     7 |    10 |     9 ||    26
       Call Canine Famil |       |    15 |     5 ||    20
Evoke: Wand              |       |     1 |       ||     1
  Use: Scroll            |     1 |     3 |       ||     4
       Potion            |     1 |     1 |       ||     2
 Stab: Sleeping          |     3 |     4 |       ||     7
       Distracted        |       |     2 |       ||     2
  Eat: Chunk             |     5 |    12 |     2 ||    19
       Fruit             |       |     3 |     1 ||     4

Vault maps used:
D:1:      evilmike_arrival_home_sweet_home, serial_forest,
          infiniplex_forest_lined_2, infiniplex_forest_clump_cross,
          infiniplex_forest_clump_curved, infiniplex_forest_clump_small,
          infiniplex_forest_clump_long, infiniplex_forest_clump_long,
          infiniplex_forest_corner_1, minmay_misc_feat_tower
D:2:      first_bread, serial_forest, infiniplex_forest_lined_room_3,
          infiniplex_forest_clump_small, infiniplex_forest_corner_1,
          infiniplex_forest_lined_corner, infiniplex_forest_straight_4,
          infiniplex_forest_clump_long, infiniplex_forest_end_1,
          infiniplex_forest_straight_2, infiniplex_forest_end_2,
          infiniplex_forest_end_1
D:3:      kennysheep_big_flooded_room, cheibriados_altar_1, old_standard_altar,
          nicolae_ru_awakened_eye, gammafunk_temple_overflow_pools
D:4:      yredelemnul_forgotten_temple_becter, portal_sewer_entry_c,
          kennysheep_opposing_triangles, uniq_prince_ribbit1, uniq_eustachio,
          uniq_duvessa, uniq_blork_the_orc, uniq_robin
D:5:      uniq_pikel, uniq_sigmund
Sewer:    sewer_minmay_treatment

Table legend:
 A = Turns spent in this place as a percentage of turns spent in the entire game.
 B = Non-inter-level travel turns spent in this place as a percentage of non-inter-level travel turns spent in the entire game.
 C = Inter-level travel turns spent in this place as a percentage of turns spent in this place.
 D = Turns resting spent in this place as a percentage of non-inter-level travel turns spent in this place.
 E = Turns spent auto-exploring this place as a percentage of non-inter-level travel turns spent in this place.
 F = Non-inter-level travel turns spent in this place divided by the number of levels of this place that you've seen.
                   A       B       C       D       E      F
               +-------+-------+-------+-------+-------+----------------------
         Total | 100.0 | 100.0 |   0.7 |   2.9 |   6.9 | 399.2
       Dungeon |  80.9 |  80.8 |   0.9 |   2.7 |   7.3 | 386.8
         Sewer |  19.1 |  19.2 |   0.0 |   3.9 |   5.2 | 461.0
               +-------+-------+-------+-------+-------+----------------------

Table legend:
 A = Kills in this place as a percentage of kills in entire the game.
 B = Kills by you in this place as a percentage of kills by you in the entire game.
 C = Kills by friends in this place as a percentage of kills by friends in the entire game.
 D = Other kills in this place as a percentage of other kills in the entire game.
 E = Experience gained in this place as a percentage of experience gained in the entire game.
 F = Experience gained in this place divided by the number of levels of this place that you have seen.
                   A       B       C       D       E      F
               +-------+-------+-------+-------+-------+----------------------
         Total | 100.0 | 100.0 | 100.0 |  -nan | 100.0 | 140.0
       Dungeon |  66.0 |  75.3 |  53.3 |  -nan |  64.8 | 108.8
         Sewer |  34.0 |  24.7 |  46.7 |  -nan |  35.2 | 296.0
               +-------+-------+-------+-------+-------+----------------------
